 Dungeon Crawl Stone Soup version 0.31.0-9-g3a7656b989 (console) character file.

Game seed: 18188141695775451242

3664 AlterAsc the Slicer (level 9, -8/47 HPs)
             Began as a Vampire Enchanter on Jan 29, 2024.
             Was a Believer of Wu Jian.
             Mangled by a warg (14 damage)
             ... on level 9 of the Dungeon.
             The game lasted 00:27:46 (7111 turns).

AlterAsc the Slicer (Vampire Enchanter)             Turns: 7111, Time: 00:27:47

Health: -8/47      AC:  9    Str:  7    XL:     9   Next: 89%
Magic:  13/14      EV: 12    Int: 28    God:    Wu Jian [**....]
Gold:   379        SH:  0    Dex: 14    Spells: 10/15 levels left

rFire   . . .        N - +2 dagger (venom)
rCold   + + .        (no shield)
rNeg    + + +        b - +0 robe
rPois   ∞            o - +2 helmet
rElec   .            L - +1 cloak {Stlth+}
rCorr   .            l - +0 pair of gloves
SInv    +            s - +0 pair of boots
Will    .....        F - amulet of the acrobat
Stlth   +++++++      G - +6 ring of intelligence
HPRegen 0.00/turn    t - ring of wizardry
MPRegen 0.14/turn

%: acrobat, wizardry (x1)
@: bloodless, inhibited regen, invisible
A: bloodless, fangs 3, see invisible, vampiric 2
a: Bat Form, Revivify, Renounce Religion, Wall Jump


You were on level 9 of the Dungeon.
You worshipped Wu Jian.
Wu Jian was pleased with you.
You visited 2 branches of the dungeon, and saw 10 of its levels.

You collected 405 gold pieces.
You spent 26 gold pieces at shops.

Inventory:

Hand Weapons
 a - a +1 dagger
 q - the +5 short sword of Ulalycvi {spect, rN+ rCorr Str+2 Dex-2}
   (You acquired it on level 8 of the Dungeon)

   Str+2:     It affects your strength (+2).
   Dex-2:     It affects your dexterity (-2).
   rN+:       It protects you from negative energy.
   rCorr:     It protects you from acid and corrosion.
 C - a +0 dagger of draining
 N - a +2 dagger of venom (weapon)
Missiles
 M - 38 poisoned darts (quivered)
Armour
 b - a +0 robe (worn)
 g - an orb of mayhem
 l - a +0 pair of gloves (worn)
 o - a +2 helmet (worn)
 s - a +0 pair of boots (worn)
 L - a +1 cloak of stealth (worn)
Jewellery
 e - a ring of flight
 p - an amulet of faith
 t - a ring of wizardry (right hand)
 y - a ring of ice
 F - an amulet of the acrobat (around neck)
 G - a +6 ring of intelligence (left hand)
Wands
 B - a wand of flame (23)
 J - a wand of mindburst (16)
Scrolls
 f - 4 scrolls of teleportation
 h - 3 scrolls of enchant armour
 i - 3 scrolls of amnesia
 r - a scroll of silence {unknown}
 u - 2 scrolls of revelation {unknown}
 v - 3 scrolls of vulnerability
 w - a scroll of blinking {unknown}
 E - 3 scrolls of immolation
 H - a scroll of fear {unknown}
 I - a scroll of fog {unknown}
Potions
 d - 4 potions of might
 j - a potion of curing
 k - 2 potions of haste
 m - a potion of mutation {unknown}
 n - 2 potions of lignification
 x - a potion of enlightenment {unknown}
 z - a potion of magic {unknown}
 A - a potion of degeneration {unknown}
 D - 2 potions of ambrosia {unknown}
 K - a potion of attraction {unknown}


   Skills:
 + Level 1.0 Fighting
 - Level 12.5 Short Blades
 - Level 2.1 Dodging
 + Level 8.6 Stealth
 * Level 3.8 Spellcasting
 + Level 8.1 Hexes
 - Level 2.6 Ice Magic


You had 10 spell levels left.
You knew the following spells:

 Your Spells              Type           Power      Damage    Failure   Level
a - Ensorcelled Hibernat  Hex/Ice        70%        N/A       1%          2
b - Confusing Touch       Hex            50%        N/A       1%          3

Your spell library contained the following spells:

 Spells                   Type           Power      Damage    Failure   Level
 Dazzling Flash           Conj/Hex       56%        N/A       1%          3
 Sigil of Binding         Hex            50%        N/A       1%          3
 Tukima's Dance           Hex            50%        N/A       1%          3
 Apportation              Tloc           10%        N/A       3%          1
 Necrotise                Necr           20%        1d5       3%          1
 Sting                    Conj/Alch      20%        1d4       3%          1
 Summon Small Mammal      Summ           20%        N/A       3%          1
 Lesser Beckoning         Tloc           10%        N/A       4%          2
 Dimensional Bullseye     Hex/Tloc       14%        N/A       6%          4
 Call Canine Familiar     Summ           5%         N/A       9%          3
 Gell's Gravitas          Tloc           5%         N/A       9%          3
 Teleport Other           Tloc           5%         N/A       9%          3


Dungeon Overview and Level Annotations

Branches:
Dungeon (9/15)             Temple (1/1) D:5            Lair (0/5) D:8
    Orc (0/2) D:9

Altars:
Ashenzari
Cheibriados
Dithmenos
Fedhas
Hepliaklqana
Kikubaaqudgha
Makhleb
Nemelex Xobeh
Okawaru
Qazlal
Sif Muna
Trog
Uskayaw
Vehumet
Wu Jian
Xom

Shops:
D:3 *   D:6 !


Innate Abilities, Weirdness & Mutations

You do not regenerate when monsters are visible.
You are frail without blood (-20% HP).
You can heal yourself when you bite living creatures.
You are immune to poison.
You have razor-sharp teeth.
You have supernaturally acute eyesight. (SInv)
You are afflicted with vampirism and can become a bat while bloodless.


Message History

The wolf barely misses you.
The bullfrog gives a loud, deep croak!
You spin and attack the wolf repeatedly.
You barely miss the wolf.
The wolf is heavily wounded.
You hit the wolf.
The wolf looks as sick as possible!
The wolf is heavily wounded.
You spin and attack the bullfrog repeatedly.
You hit the bullfrog.
The bullfrog looks even sicker.
You bite the bullfrog.
You draw the bullfrog's blood!
You feel better.
The bullfrog is heavily wounded.
You hit the bullfrog.
The bullfrog looks as sick as possible!
The bullfrog is severely wounded.
The wolf closely misses you. The bullfrog hits you.
* * * LOW HITPOINT WARNING * * *
The wolf misses you.
The bullfrog hits you but does no damage.
You spin and attack the bullfrog repeatedly.
You barely miss the bullfrog.
The bullfrog is severely wounded.
You barely miss the bullfrog. You bite the bullfrog.
You draw the bullfrog's blood!
You feel better.
The bullfrog is almost dead.
You kill the bullfrog!
The Council accepts your kill. The warg attacks as it pursues you!
The warg completely misses you.
You feel better. The wolf closely misses you. The warg closely misses you.
The wolf misses you.
You spin and attack the wolf repeatedly.
You miss the wolf. You hit the wolf but do no damage.
The wolf is poisoned.
You spin and attack the warg repeatedly.
You hit the warg.
The warg is moderately wounded.
You hit the warg.
The warg is heavily wounded.
The warg bites you!
* * * LOW HITPOINT WARNING * * *
The wolf bites you but does no damage. The wolf bites you.
* * * LOW HITPOINT WARNING * * *
Okay, then.
You feel better. The wolf bites you but does no damage. The warg bites you!
You die...

#### ...##
###+#####.>..#
#....<.......#
+.>..hh†)...+.#
#....@h.....#
#...........#
#...........#
#############


You could see a warg (poisoned) and 2 wolves.

Vanquished Creatures
  Pikel (D:8)
  A deep elf pyromancer (D:7)
  Prince Ribbit (D:7)
  An acid dragon (D:8)
  2 orc warriors
  An ice beast (D:6)
  A lemure (D:8)
  2 ogres
  A phantom (D:7)
  A centaur (D:6)
  13 kobold brigands
  2 scorpions
  2 bullfrogs
  4 electric eels (D:7)
  A bombardier beetle (D:5)
  4 hounds
  4 orc priests
  3 orc wizards
  8 gnolls
  4 adders
  2 shadow imps
  A white imp (D:7)
  2 ufetubi (D:6)
  2 dart slugs
  3 ribbon worms
  19 orcs
  8 ball pythons
  5 endoplasms
  4 giant cockroaches
  A goblin (D:1)
  2 hobgoblins (D:2)
  3 quokkas
  3 bats
  A frilled lizard (D:3)
  18 kobolds
  2 rats
133 creatures vanquished.

Notes
Turn   | Place    | Note
-------+----------+-------------------------------------------
     0 | D:1      | AlterAsc the Vampire Enchanter began the quest for the Orb.
     0 | D:1      | Reached XP level 1. HP: 13/13 MP: 3/3
   122 | D:1      | Found a faded altar of an unknown god.
   195 | D:1      | Reached XP level 2. HP: 19/19 MP: 5/5
   202 | D:1      | Reached skill level 5 in Stealth
   209 | D:1      | Learned a level 2 spell: Ensorcelled Hibernation
   367 | D:1      | Reached skill level 5 in Hexes
   823 | D:2      | Gained mutation: You are afflicted with vampirism and can
                  | become a bat while bloodless. [Vampire growth]
   823 | D:2      | Reached XP level 3. HP: 24/24 MP: 6/6
  1059 | D:2      | Learned a level 3 spell: Confusing Touch
  1320 | D:3      | Found Seusess's General Store.
  1329 | D:3      | Bought a scroll of identify for 26 gold pieces
  1534 | D:3      | Reached XP level 4. HP: 17/30 MP: 0/7
  2119 | D:3      | Found a sparkling altar of Nemelex Xobeh.
  2845 | D:4      | Found a bloodstained altar of Trog.
  2894 | D:4      | Noticed a scorpion
  2897 | D:4      | Killed a scorpion
  2898 | D:4      | Reached skill level 1 in Ice Magic
  2898 | D:4      | Reached XP level 5. HP: 32/35 MP: 3/8
  3010 | D:4      | Noticed an ogre
  3037 | D:4      | Killed an ogre
  3038 | D:4      | Reached XP level 6. HP: 41/41 MP: 4/9
  3275 | D:4      | Found a burning altar of Makhleb.
  3306 | D:5      | Entered Level 5 of the Dungeon
  3367 | D:5      | Found a staircase to the Ecumenical Temple.
  3384 | Temple   | Entered the Ecumenical Temple
  3402 | Temple   | Became a worshipper of the Wu Jian Council
  3785 | D:5      | Reached XP level 7. HP: 17/36 MP: 0/11
  3960 | D:6      | Found Ynumin's Distillery.
  3983 | D:6      | Identified 2 scrolls of acquirement
  4058 | D:6      | Reached skill level 2 in Short Blades
  4488 | D:6      | Reached skill level 3 in Short Blades
  4623 | D:7      | Reached skill level 4 in Short Blades
  4762 | D:7      | Found a snail-covered altar of Cheibriados.
  4833 | D:7      | Reached skill level 5 in Short Blades
  4933 | D:7      | Reached XP level 8. HP: 41/41 MP: 4/12
  4936 | D:7      | Reached skill level 6 in Short Blades
  5070 | D:7      | Noticed Prince Ribbit
  5072 | D:7      | Killed Prince Ribbit
  5073 | D:7      | Reached skill level 7 in Short Blades
  5084 | D:7      | Reached * piety under Wu Jian
  5215 | D:7      | Reached skill level 8 in Short Blades
  5341 | D:7      | Noticed a deep elf pyromancer
  5348 | D:7      | Killed a deep elf pyromancer
  5349 | D:7      | Reached skill level 9 in Short Blades
  5749 | D:7      | Found an iron altar of Okawaru.
  5909 | D:8      | Found a staircase to the Lair.
  5927 | D:8      | Reached XP level 9. HP: 45/45 MP: 13/13
  5937 | D:8      | Reached skill level 10 in Short Blades
  5982 | D:8      | Noticed Pikel
  6321 | D:8      | Killed Pikel
  6322 | D:8      | Reached skill level 11 in Short Blades
  6516 | D:8      | Acquired the +5 short sword of Ulalycvi {spect, rN+ rCorr
                  | Str+2 Dex-2}
  6517 | D:8      | Acquired a +1 cloak of stealth
  6581 | D:9      | Noticed a kobold demonologist
  6609 | D:9      | Reached skill level 12 in Short Blades
  6702 | D:9      | Reached skill level 1 in Fighting
  6730 | D:9      | Reached ** piety under Wu Jian
  6825 | D:9      | Noticed a soul eater
  7100 | D:9      | Found a staircase to the Orcish Mines.
  7110 | D:9      | HP: 1/47 [wolf (4)]
  7111 | D:9      | Mangled by a warg

Illustrated notes

Levels and vault maps discovered:
D:1:      ncdulo_wetmaze, layout_basic, ebering_ecumenical_altar_sacrificial
D:2:      layout_rooms
D:3:      layout_basic, jmf_multi_god_temple2, serial_shops, shop,
          ebering_dispersal_statue_hall
D:4:      layout_cave_pools, lightli_temple_of_fire,
          mainiacjoe_overflow_24_doors
D:5:      layout_layer_cave, minmay_temple_entry_purple_smoke
D:6:      layout_loops_ring, serial_shops, nicolae_shop_statue_plus
D:7:      layout_basic, marbit_many_paths, lemuel_doored_altar, serial_bayou,
          serial_bayou_crossing, serial_bayou_lagoon_a, serial_bayou_pond_e,
          serial_bayou_shore_a, serial_bayou_pond_d, kennysheep_cross_room,
          guppyfry_early_elven_hall, uniq_prince_ribbit1
D:8:      layout_gridville, kennysheep_mini_moat, dpeg_oklobed_lair, uniq_pikel
D:9:      layout_roguey [special_room_kobold], mainiacjoe_overflow_boulevard,
          minmay_orc_entry_guard_dogs, gammafunk_ghost_nasty_kobolds,
          special_room [special_room_orc]
Temple:   hellmonk_temple_forest_ring

Skill      XL: |  1  2  3  4  5  6  7  8  9 |
---------------+----------------------------+-----
Stealth        | 5 6 7 8 |  8.6
Hexes          | 5 6 7 8 |  8.1
Ice Magic      | 1 2 |  2.6
Spellcasting   | 3 |  3.8
Short Blades   | 5 9 12 | 12.5
Fighting       | 1 |  1.0
Dodging        | |  2.1

Action                     |  1- 3 |  4- 6 |  7- 9 || total
---------------------------+-------+-------+-------++-------
  Melee: Dagger            |    97 |    85 |   132 ||   314
         Bite              |     8 |     6 |    24 ||    38
         Punch             |       |       |     6 ||     6
         Short sword       |       |       |    59 ||    59
   Cast: Ensorcelled Hiber |    18 |    32 |    46 ||    96
         Confusing Touch   |     3 |     3 |    13 ||    19
Ability: Exsanguinate      |     1 |     1 |       ||     2
         Lunge             |       |     2 |    22 ||    24
         Whirlwind         |       |       |     9 ||     9
    Use: Scroll            |     3 |     3 |     6 ||    12
         Potion            |     1 |       |     5 ||     6
   Stab: Sleeping          |    17 |    28 |    38 ||    83
         Confused          |     1 |     2 |    11 ||    14
         Distracted        |       |       |     2 ||     2
         Invisible         |       |       |     1 ||     1
 Armour: Robe              |    52 |    41 |    68 ||   161
  Dodge: Dodged            |    64 |    44 |    92 ||   200
